AoeStats
← ToMasa Marinero

Arabia

507855045Analyzed
1v1 RM · 13d ago on Sep 19, 2026· 31m 56s· 2 players
Game mode
Random Map
Map size
Tiny (2 player)
Population
200
Speed
Normal
Resources
Standard
Victory
Conquest
Starting age
Dark Age
Ending age
Imperial Age
RankedLock teamsTeams togetherTeam positionsShared explorationLock speedFull tech treeHidden civsTurbo modeCheats
Victory
Defeat
🇨🇴 Magyars · Colombia
871
+16
🇨🇱 Mongols · Chile
869
-16
PAOSQLS | El Cuyei
6:38 Loom
10:30 Feudal Age
14:05 Bloodlines
24:20 Castle Age
24:44 Double-Bit Axe
24:58 Pikeman
27:18 Forging
27:23 Squires
30:23 Bow Saw
ToMasa Marinero
6:57 Loom
9:34 Feudal Age
11:16 Double-Bit Axe
16:50 Town Watch
21:38 Wheelbarrow
25:06 Castle Age
23:46 Bloodlines
23:48 Gold Mining
25:13 Scale Barding Armor
25:10 Scale Mail Armor
25:51 Husbandry
25:22 Pikeman
26:48 Bow Saw
26:38 Horse Collar
31:16 Chain Barding Armor
Connection lost

Rejoining the realm…

Still unreachable

The connection could not be restored.

Session expired

The server has moved on; the page needs a fresh start.